 Dungeon Crawl Stone Soup version 0.32-a0-868-g153ae1a8d6 (webtiles) character file.

Game seed: 11623062227820940511

4535 gosagan the Slicer (level 10, -4/53 HPs)
             Began as a Vine Stalker Brigand on Mar 28, 2024.
             Was an Elder of Ashenzari.
             Slain by an eight-headed hydra (12 damage)
             ... on level 9 of the Dungeon.
             The game lasted 00:32:46 (10773 turns).

gosagan the Slicer (Vine Stalker Brigand)          Turns: 10773, Time: 00:32:46

Health: -4/53      AC:  8    Str: 18    XL:     10   Next: 39%
Magic:  0/17       EV: 12    Int: 13    God:    Ashenzari [****..]
Gold:   480        SH:  0    Dex: 17    Spells: 9/17 levels left

rFire   . . .        a - +2 dagger of Ashenzari's Blue Moon {Self, Bglg} (curse)
rCold   . . .        (no shield)
rNeg    . . .        n - +2 troll leather armour
rPois   +            M - +1 hat of the King of the Hill {^Drain Str+3 SInv}
rElec   .            c - +0 cloak of Ashenzari's Altruism {Comp, Self} (curse)
rCorr   .            (no gloves)
SInv    +            F - +0 pair of boots "Chagrin of Ashenzari" {Comp, Sorc} (curse)
Will    ++...        E - amulet "Shattered Together" {Acrobat, Elem, Dev} (curse)
Stlth   +++          v - ring of Ashenzari's Portent {Will+, Cun, Range} (curse)
HPRegen 1.88/turn    D - ring "I Knew You'd Do That" {rPois, Sorc, Bglg} (curse)
MPRegen 0.15/turn

%: acrobat, clarity, guardian spirit
@: no status effects
A: fangs 3, regeneration 1, magic shield, antimagic bite, no potion heal 2
a: Renounce Religion, Shatter the Chains


You were on level 9 of the Dungeon.
You worshipped Ashenzari.
Ashenzari was greatly pleased with you.
You visited 1 branch of the dungeon, and saw 9 of its levels.

You collected 480 gold pieces.

Inventory:

Hand Weapons
 a - the cursed +2 dagger of Ashenzari's Blue Moon (weapon) {Self, Bglg}

   It has a curse which improves the following skills: Introspection: Fighting
   and Spellcasting.
   Beguiling: Hexes and Translocations.
 o - a +0 rapier
 p - the +4 hand axe of the Blessed Realm {spect, Int+2}
   (You found it on level 2 of the Dungeon)

   Int+2:     It affects your intelligence (+2).
 q - a +1 antimagic dagger
Missiles
 d - a poisoned dart
 e - 3 curare-tipped darts
Armour
 c - the cursed +0 cloak of Ashenzari's Altruism (worn) {Comp, Self}

   It has a curse which improves the following skills: Companions: Summonings
   and Necromancy.
   Introspection: Fighting and Spellcasting.
 i - a +0 plate armour
 j - a scarf of shadows
 n - a +2 troll leather armour (worn)
 F - the cursed +0 pair of boots "Chagrin of Ashenzari" (worn) {Comp, Sorc}
   (You found it on level 5 of the Dungeon)

   It has a curse which improves the following skills: Companions: Summonings
   and Necromancy.
   Sorcery:   Conjurations and Alchemy.
 M - the +1 hat of the King of the Hill (worn) {^Drain Str+3 SInv}
   (You found it on level 8 of the Dungeon)

   Str+3:     It affects your strength (+3).
   SInv:      It lets you see invisible.
   ^Drain:    It drains your maximum health when unequipped.
Jewellery
 v - the cursed ring of Ashenzari's Portent (left hand) {Will+, Cun, Range}
   (You found it on level 3 of the Dungeon)

   [ring of willpower]

   Will+:     It increases your willpower.
   It has a curse which improves the following skills: Cunning: Dodging and
   Stealth.
   Ranged Combat: Ranged Weapons and Throwing.
 y - a ring of protection from fire
 D - the cursed ring "I Knew You'd Do That" (right hand) {rPois, Sorc, Bglg}
   (You found it on level 5 of the Dungeon)

   [ring of poison resistance]

   rPois:     It protects you from poison.
   It has a curse which improves the following skills: Sorcery: Conjurations and
   Alchemy.
   Beguiling: Hexes and Translocations.
 E - the cursed amulet "Shattered Together" (around neck) {Acrobat, Elem, Dev}
   (You found it on level 5 of the Dungeon)

   [amulet of the acrobat]

   Acrobat:   It increases your evasion while moving and waiting.
   It has a curse which improves the following skills: Elements: Fire Magic, Ice
   Magic, Air Magic and Earth Magic.
   Devices:   Evocations and Shapeshifting.
 K - a ring of fire
Wands
 u - a wand of mindburst (5)
 G - a wand of flame (9) (quivered)
 I - a wand of digging (8)
Scrolls
 f - 2 scrolls of poison
 g - 2 scrolls of immolation
 h - 3 scrolls of teleportation
 l - 2 scrolls of amnesia
 t - 4 scrolls of identify
 z - a scroll of vulnerability
 B - a scroll of summoning
 C - a scroll of fear
Potions
 k - 6 potions of curing
 m - a potion of might
 s - a potion of berserk rage
 w - a potion of ambrosia
 x - a potion of brilliance
 A - 3 potions of lignification
 H - a potion of cancellation
 J - a potion of enlightenment
 L - a potion of magic


   Skills:
 - Level 4.0(6.4) Fighting
 - Level 8.2 Short Blades
 - Level 1.7(3.1) Throwing
 + Level 0.0 Armour
 - Level 2.2(3.7) Dodging
 - Level 4.8(6.6) Stealth
 - Level 2.1(4.2) Spellcasting
 - Level 1.1(2.7) Conjurations
 - Level 6.6(9.4) Hexes
 - Level 7.7(10.5) Summonings
 - Level 2.0(3.4) Evocations


You had 9 spell levels left.
You knew the following spells:

 Your Spells              Type           Power      Damage    Failure   Level
a - Summon Mana Viper     Hex/Summ       28%        N/A       11%         5
b - Summon Ice Beast      Ice/Summ       16%        N/A       8%          3

Your spell library contained the following spells:

 Spells                   Type           Power      Damage    Failure   Level
 Momentum Strike          Conj/Tloc      12%        3d8       19%         2
 Apportation              Tloc           6%         N/A       22%         1
 Blink                    Tloc           6%         N/A       32%         2
 Lesser Beckoning         Tloc           6%         N/A       32%         2
 Monstrous Menagerie      Summ           15%        N/A       95%         7
 Conjure Ball Lightning   Conj/Air       3%         3x3d6     100%        6
 Discord                  Hex            13%        N/A       100%        8
 Disjunction              Tloc           1%         N/A       100%        8


Dungeon Overview and Level Annotations

Branches:
Dungeon (9/15)             Temple (0/1) D:4            Lair (0/5) D:9
    Orc: D:9-12

Altars:
Ashenzari
Cheibriados
Elyvilon
Fedhas
Hepliaklqana
Makhleb
Nemelex Xobeh
Qazlal
Ru
Wu Jian
Xom
The Shining One

Shops:
D:1 :

Annotations:
D:8 3 transporters, DimondSprtn's ghost, novice OpSu


Innate Abilities, Weirdness & Mutations

You have razor-sharp teeth.
Your natural rate of healing is unusually fast.
When hurt, damage is shared between your health and your magic reserves.
Your bite disrupts and absorbs the magic of your enemies.
Potions cannot restore your health.


Message History

The eight-headed hydra closely misses you.
The eight-headed hydra barely misses you.
The eight-headed hydra bites you. x2
Aiming: Mindburst
Press: ? - help, Shift-Dir - straight line, f/p - eight-headed hydra
Aim: an eight-headed hydra (severely wounded, ally target, chance to affect: 45%)
The eight-headed hydra resists with some effort.
Your mana viper bites the eight-headed hydra!
The eight-headed hydra closely misses you.
The eight-headed hydra bites you but does no damage.
The eight-headed hydra bites you! x2
* * * LOW HITPOINT WARNING * * *
The eight-headed hydra bites you!
* * * LOW HITPOINT WARNING * * *
The eight-headed hydra bites you.
* * * LOW HITPOINT WARNING * * *
The eight-headed hydra completely misses you.
The eight-headed hydra bites you but does no damage.
Unknown command.
Unknown command.
Unknown command.
Unknown command.
Unknown command.
Unknown command.
Okay, then.
Okay, then.
Okay, then.
As you read the scroll of fear, it crumbles to dust.
You assume a fearsome visage.
The eight-headed hydra looks frightened!
Your mana viper bites the eight-headed hydra!
Your mana viper bites the eight-headed hydra.
Your mana viper's attack snaps the eight-headed hydra out of its fear.
The eight-headed hydra bites your mana viper.
The eight-headed hydra bites your mana viper but does no damage.
The eight-headed hydra bites your mana viper!
Your mana viper dies!
Your mana viper disappears in a puff of smoke!
The eight-headed hydra bites you!
You die...

......##..#.#..##...####.....#.#.
....###,.#._.#.,###...)......#,#,
......##..#.#..##....))......#,*,
##''#..##..#..+#..#...)......#,*,
#.......##.,.##...#..........#,*,
#........##,##....#......#####,*,
#.........###.....#......#,,,,,**
#..........#......'....###,,,,,,,
#..........#....@.#....#,{,,*+,**
#...........†...D.######,*,,,,,,,
#.........#......§.....{,**,,,,,,
###########......#'####*,{**,,,,,
...*****#........'...,,*,,,**,,,,
##**,,{∆####.....#.....+,,,,**,,,
P#,*,,,,,.#......#.....*,,,,,**,,
...*,~~,,P....$###.....**,,,,,*##
..P,,~~,*......###,...,,*,, ,.#.


You could see an eight-headed hydra.

Vanquished Creatures
  A troll (D:9)
  3 wyverns
  4 yaks
  A steam dragon (D:7)
  3 water moccasins
  An ogre (D:6)
  An ice beast (D:5)
  2 centaurs
  A phantom (D:6)
  4 scorpions
  5 bullfrogs
  3 wights (D:9)
  4 killer bees (D:7)
  A howler monkey (D:8)
  3 bombardier beetles
  2 hounds
  2 jellies
  A gnoll bouda (D:8)
  2 orc priests
  2 sleepcaps (D:6)
  Jessica (D:2)
  5 iguanas
  5 orc wizards
  13 gnolls
  5 adders
  2 shadow imps
  5 dart slugs
  25 orcs
  5 endoplasms
  4 giant cockroaches
  7 goblins
  12 hobgoblins
  3 quokkas
  5 ball pythons
  8 bats
  5 frilled lizards
  4 kobolds
  6 rats
  A butterfly (D:7)
167 creatures vanquished.

Vanquished Creatures (collateral kills)
  2 yaks (D:9)
  An orc warrior (D:9)
  A centaur (D:9)
  A gnoll sergeant (D:9)
  An orc wizard (D:9)
  4 gnolls (D:9)
  An orc (D:9)
11 creatures vanquished.

Grand Total: 178 creatures vanquished

Notes
Turn   | Place    | Note
-------+----------+-------------------------------------------
     0 | D:1      | gosagan the Vine Stalker Brigand began the quest for the
                  | Orb.
     0 | D:1      | Reached XP level 1. HP: 11/11 MP: 2/2
     0 | D:1      | Upgraded the game from 0.32-a0-859-gb0a091d592 to
                  | 0.32-a0-868-g153ae1a8d6
    68 | D:1      | Reached skill level 2 in Short Blades
   197 | D:1      | Reached XP level 2. HP: 15/15 MP: 3/3
   520 | D:1      | Found Dicualul's Book Boutique.
   642 | D:1      | Reached skill level 3 in Short Blades
   936 | D:1      | Reached XP level 3. HP: 18/18 MP: 4/4
   996 | D:2      | Noticed Jessica
  1012 | D:2      | Killed Jessica
  1056 | D:2      | Reached XP level 4. HP: 13/23 MP: 2/5
  1188 | D:2      | Reached skill level 4 in Short Blades
  1435 | D:2      | Found Edasimen's General Store.
  1509 | D:2      | Identified the +4 hand axe of the Blessed Realm {spect,
                  | Int+2}
  1848 | D:3      | Found a faded altar of an unknown god.
  1870 | D:3      | Got Plato's Incunabulum of Displacement
  1877 | D:3      | Prayed at the altar of an unknown god.
  1877 | D:3      | Became a worshipper of Ashenzari the Shackled
  1894 | D:3      | Reached XP level 5. HP: 16/26 MP: 3/6
  2502 | D:3      | Reached skill level 5 in Short Blades
  2676 | D:3      | Reached XP level 6. HP: 30/30 MP: 7/7
  2982 | D:4      | Reached skill level 6 in Short Blades
  2983 | D:4      | Noticed a wyvern
  2991 | D:4      | Killed a wyvern
  2992 | D:4      | Reached XP level 7. HP: 17/34 MP: 2/8
  3194 | D:4      | Reached skill level 1 in Dodging
  3284 | D:4      | Reached * piety under Ashenzari
  3322 | D:4      | Found a staircase to the Ecumenical Temple.
  3759 | D:5      | Entered Level 5 of the Dungeon
  3905 | D:5      | Reached ** piety under Ashenzari
  4154 | D:5      | Found an ornate altar of the Wu Jian Council.
  4276 | D:5      | Found a sparkling altar of Nemelex Xobeh.
  4300 | D:5      | Gained mutation: You have razor-sharp teeth. [Vine Stalker
                  | growth]
  4300 | D:5      | Reached XP level 8. HP: 30/42 MP: 7/9
  4345 | D:5      | Found a hazy altar of Hepliaklqana.
  4888 | D:5      | HP: 2/42 [acid (3)]
  5080 | D:4      | Reached skill level 7 in Short Blades
  5568 | D:6      | Reached *** piety under Ashenzari
  5794 | D:6      | Reached skill level 8 in Short Blades
  6000 | D:6      | Reached skill level 1 in Conjurations
  6000 | D:6      | Reached skill level 1 in Summonings
  6060 | D:6      | Reached skill level 1 in Hexes
  6065 | D:6      | Reached **** piety under Ashenzari
  6684 | D:7      | Reached XP level 9. HP: 39/48 MP: 10/10
  7145 | D:7      | Found a shimmering altar of Xom.
  7902 | D:7      | Reached ***** piety under Ashenzari
  8742 | D:8      | Noticed DimondSprtn's ghost (novice OpSu)
  8806 | D:8      | Reached skill level 5 in Hexes
  8878 | D:8      | Found a blossoming altar of Fedhas.
  9063 | D:8      | Found a transporter.
  9064 | D:8      | Noticed a boulder beetle
  9069 | D:8      | Noticed a centaur warrior
  9069 | D:8      | Noticed a seven-headed hydra
  9069 | D:8      | Noticed a two-headed ogre
  9069 | D:8      | Noticed an orc knight
  9070 | D:8      | Found a transporter.
  9088 | D:8      | Found a white marble altar of Elyvilon.
  9196 | D:8      | Found a sacrificial altar of Ru.
  9247 | D:8      | Found a transporter.
  9257 | D:8      | Found a transporter.
  9261 | D:8      | Identified the +1 hat of the King of the Hill {^Drain Str+3
                  | SInv}
  9262 | D:8      | Noticed a moth of wrath
  9320 | D:8      | Noticed a lightning spire
  9453 | D:9      | Reached skill level 5 in Summonings
  9679 | D:8      | Reached XP level 10. HP: 18/53 MP: 6/11
  9787 | D:9      | Learned a level 5 spell: Summon Mana Viper
  9805 | D:9      | Reached skill level 1 in Spellcasting
  9863 | D:9      | Found a snail-covered altar of Cheibriados.
  9892 | D:9      | Found a broken altar of Ashenzari.
  9998 | D:9      | Found a burning altar of Makhleb.
 10085 | D:9      | Found a glowing golden altar of the Shining One.
 10290 | D:9      | Found a stormy altar of Qazlal.
 10292 | D:9      | Noticed a kobold demonologist
 10303 | D:9      | Noticed an eight-headed hydra
 10659 | D:9      | Learned a level 3 spell: Summon Ice Beast
 10773 | D:9      | Slain by an eight-headed hydra

Illustrated notes

Levels and vault maps discovered:
D:1:      dpeg_arrival_yet_another_circle, layout_loops_ring, serial_shops,
          shop, serial_bayou_lake_a
D:2:      layout_basic, serial_shops, nicolae_shop_advertising_works
          [nicolae_subvault_shop_adworks], uniq_jessica
D:3:      layout_rooms, shapermc_ecumenical_altar_rom_forum, serial_curves,
          eino_curves_04, eino_curves_01
D:4:      minmay_spotlight, layout_cave_pools, minmay_temple_entry_ruins,
          chequers_arboretum, eino_curves_04, minmay_misc_feat_rows,
          nrook_mini_backslash, small_statue_intersection, serial_bayou_pond_a,
          dreamdust_wishing_well
D:5:      layout_basic, pdpol_wu_jian_five_deadly_venoms,
          nemelex_xobeh_ov_fountains_minmay, mainiacjoe_overflow_alcove_1,
          minmay_misc_feat_iff
D:6:      lemuel_ice_spiral_2, layout_basic
D:7:      layout_layer_cave, xom_butterflies, serial_rivers,
          chequers_serial_rivers_marsh, chequers_serial_rivers_small_a,
          chequers_serial_rivers_micro_d, chequers_serial_rivers_room_a
D:8:      layout_rooms, gammafunk_temple_overflow_arena,
          nicolae_ru_the_path_less_chosen, mainiacjoe_overflow_alcove_2,
          gammafunk_ghost_berserking_beasts, nicolae_letterblocks
          [nicolae_letter_subblock, nicolae_letter_subblock,
          nicolae_letter_subblock, nicolae_letter_subblock,
          nicolae_letter_subblock, nicolae_letter_subblock,
          nicolae_letter_subblock, nicolae_letter_subblock,
          nicolae_letter_subblock, nicolae_letter_subblock,
          nicolae_letter_subblock, nicolae_letter_subblock,
          nicolae_letter_subblock, nicolae_letter_subblock,
          nicolae_letter_subblock, nicolae_letter_subblock,
          nicolae_letter_subblock, nicolae_letter_subblock,
          nicolae_letter_subblock, nicolae_letter_subblock,
          nicolae_letter_subblock, nicolae_letter_subblock,
          nicolae_letter_subblock, nicolae_letter_subblock,
          nicolae_letter_subblock]
D:9:      layout_irregular_city, overflow_temple_1_default,
          mainiacjoe_overflow_concentric_impassable,
          nicolae_ashenzari_panopticon, mainiacjoe_overflow_chevrons,
          tso_metal_star, slow_altar_1, david_lair_generic,
          hellmonk_guarded_unrand_vines, uniq_psyche

Skill      XL: |  1  2  3  4  5  6  7  8  9 10 |
---------------+-------------------------------+-----
Short Blades   | 2 3 4 5 6 8 |  8.2
Dodging        | 2 |  2.2
Fighting       | 4 |  4.0
Evocations     | 2 |  2.0
Conjurations   | 1 |  1.1
Summonings     | 2 5 7 |  7.7
Hexes          | 3 6 |  6.6
Spellcasting   | 2 |  2.1
Throwing       | |  1.7
Stealth        | |  4.8

Action                     |  1- 3 |  4- 6 |  7- 9 | 10-12 || total
---------------------------+-------+-------+-------+-------++-------
  Melee: Dagger            |    53 |    83 |   432 |    29 ||   597
         Bite              |    10 |    30 |   174 |    11 ||   225
         Rapier            |       |    12 |       |       ||    12
         Hand axe          |       |     2 |       |       ||     2
  Throw: Dart              |    11 |    47 |    21 |       ||    79
   Cast: Summon Mana Viper |       |       |       |     9 ||     9
         Summon Ice Beast  |       |       |       |     3 ||     3
 Invoke: Curse Item        |       |     1 |     7 |       ||     8
         Shatter the Chain |       |       |     1 |     1 ||     2
  Evoke: Wand              |       |     5 |    18 |     6 ||    29
    Use: Scroll            |       |     2 |     1 |     4 ||     7
   Stab: Sleeping          |    10 |     7 |    11 |     1 ||    29
         Distracted        |       |       |     1 |       ||     1
 Armour: Robe              |    30 |    51 |   188 |    20 ||   289
         Troll leather arm |       |       |       |    12 ||    12
  Dodge: Dodged            |    23 |    50 |   224 |    44 ||   341

Table legend: (Time is in decaauts)
 A = Elapsed time spent in this place.
 B = Non-inter-level travel time spent in this place.
 C = Inter-level travel time spent in this place.
 D = Time resting spent in this place.
 E = Time spent auto-exploring this place.
 F = Levels seen in this place.
 G = Mean time per level.
                   A        B        C        D        E       F      G
               +--------+--------+--------+--------+--------+-----+--------+
         Total |  10589 |  10081 |    508 |   2652 |   4509 |   9 | 1176.6 |
       Dungeon |  10589 |  10081 |    508 |   2652 |   4509 |   9 | 1176.6 |
               +--------+--------+--------+--------+--------+-----+--------+

Top non-repeatable levels by time:
     D:7: 2093 daAuts
     D:8: 1345 daAuts
     D:5: 1286 daAuts
     D:6: 1212 daAuts
     D:3: 1193 daAuts
     D:1: 1005 daAuts
     D:2: 957 daAuts
     D:4: 751 daAuts
     D:9: 744 daAuts
